 Dungeon Crawl Stone Soup version 0.27.1-1-g398f81649c (webtiles) character file.

Game seed: 15319002218493820863

59 Destapler the Grave Robber (level 3, -5/26 HPs)
             Began as a Mummy Necromancer on Sept 9, 2021.
             Slain by a goblin (6 damage)
             ... led by Robin
             ... on level 2 of the Dungeon.
             The game lasted 00:07:00 (1629 turns).

Destapler the Grave Robber (Mummy Necromancer)      Turns: 1629, Time: 00:07:00

Health: -5/26      AC:  2    Str: 11    XL:     3   Next: 78%
Magic:  2/8        EV: 12    Int: 21    God:
Gold:   17         SH:  0    Dex: 12    Spells: 5/9 levels left

rFire    x . .     SeeInvis .   (no weapon)
rCold    + . .     Faith    .   (no shield)
rNeg     + + +     Spirit   .   a - +0 robe
rPois    ∞         Reflect  .   (no helmet)
rElec    .         Harm     .   (no cloak)
rCorr    .         Rampage  .   (no gloves)
Will     .....                  (no boots)
Stlth    ++........             (no amulet)
HPRegen  0.08/turn              c - +6 ring of intelligence
MPRegen  0.11/turn              (no ring)

@: no status effects
A: cold resistance 1, negative energy resistance 3, torment resistance 2, heat
vulnerability 1, no potions
a: no special abilities


You were on level 2 of the Dungeon.
You visited 1 branch of the dungeon, and saw 2 of its levels.

You collected 17 gold pieces.

Inventory:

Armour
 a - a +0 robe (worn)
Jewellery
 c - a +6 ring of intelligence (left hand)
Scrolls
 b - 2 scrolls of identify
 d - a scroll of silence


   Skills:
 + Level 1.4 Fighting
 - Level 1.5 Dodging
 + Level 2.2 Stealth
 + Level 3.5 Spellcasting
 + Level 4.4 Necromancy


You had 5 spell levels left.
You knew the following spells:

 Your Spells              Type           Power      Damage    Failure   Level
a - Pain                  Necr           88%        1d8       1%          1
b - Vampiric Draining     Necr           11%        2d7       6%          3

Your spell library contained the following spells:

 Spells                   Type           Power      Damage    Failure   Level
 Animate Skeleton         Necr           44%        N/A       1%          1
 Animate Dead             Necr           11%        N/A       21%         4
 Agony                    Necr           22%        N/A       50%         5


Dungeon Overview and Level Annotations

Branches:
Dungeon (2/15)

Altars:

Shops:
D:1 !

Annotations:
D:2 Robin


Innate Abilities, Weirdness & Mutations

You are immune to poison.
Your flesh is cold resistant. (rC+)
You are immune to negative energy. (rN+++)
You are immune to unholy pain and torment.
You are vulnerable to heat. (rF-)
You do not drink.


Message History

You closely miss the hobgoblin. You barely miss the hobgoblin.
The hobgoblin barely misses you.
You completely miss the hobgoblin.
The goblin shoots a stone.
The stone closely misses you. The hobgoblin closely misses you.
You closely miss the hobgoblin. The hobgoblin closely misses you.
You hit the hobgoblin.
The hobgoblin is heavily wounded.
The hobgoblin hits you.
* * * LOW HITPOINT WARNING * * *
You hit the hobgoblin but do no damage.
The hobgoblin is heavily wounded.
The hobgoblin hits you.
* * * LOW HITPOINT WARNING * * *
You barely miss the hobgoblin.
The hobgoblin is heavily wounded.
The hobgoblin hits you but does no damage.
You barely miss the hobgoblin.
The hobgoblin is heavily wounded.
The hobgoblin hits you.
* * * LOW HITPOINT WARNING * * *
You barely miss the hobgoblin.
The hobgoblin is heavily wounded.
The hobgoblin hits you.
* * * LOW HITPOINT WARNING * * *
You hit the hobgoblin but do no damage.
The hobgoblin is heavily wounded.
Robin roars a battlecry!
The goblins go into a battle-frenzy!
The hobgoblin barely misses you.
You hear a shout!
You hit the hobgoblin.
The hobgoblin is almost dead.
Robin throws the goblin at you!
* * * LOW HITPOINT WARNING * * *
The hobgoblin hits you.
* * * LOW HITPOINT WARNING * * *
The goblin unwields a +2 hunting sling of flaming.
It stops flaming.
The goblin wields a +0 dagger.
The goblin hits you with a +0 dagger.
You die...

#†. #.# .g #.# #.##
#.# #..# #.# #..##
#.# #...# #.#
#.#g###.# #.#..##g#
#.##.##@#
#.##..#g#######
#.#.g.g)†)....#
#.#...........#
######'#...........#
#..................#
#..................#
#..................#
#..................#


You could see Robin, a hobgoblin (strong) and a goblin (strong).

Vanquished Creatures
  Terence (D:1)
  4 endoplasms
  9 goblins
  5 hobgoblins
  A quokka (D:1)
  4 bats
  2 frilled lizards (D:1)
  2 rats (D:1)
28 creatures vanquished.

Notes
Turn   | Place    | Note
-------+----------+-------------------------------------------
     0 | D:1      | Destapler the Mummy Necromancer began the quest for the
                  | Orb.
     0 | D:1      | Reached XP level 1. HP: 13/13 MP: 4/4
   236 | D:1      | Found Vetit's Distillery.
   336 | D:1      | Reached XP level 2. HP: 19/20 MP: 0/5
   928 | D:1      | Reached skill level 1 in Fighting
  1209 | D:2      | Noticed Robin
  1209 | D:2      | Noticed Terence
  1294 | D:1      | Killed Terence
  1295 | D:1      | Reached XP level 3. HP: 15/26 MP: 0/7
  1300 | D:1      | Learned a level 3 spell: Vampiric Draining
  1629 | D:2      | HP: 1/26 [hobgoblin[Robin] (1)]
  1629 | D:2      | Slain by a goblin

Illustrated notes

Levels and vault maps discovered:
D:1:      dpeg_arrival_simpleton_c, layout_loops_ring, serial_shops, shop,
          chequers_serial_rivers_micro_c
D:2:      layout_basic, uniq_robin, uniq_sigmund, uniq_terence

Skill      XL: |  1  2 |
---------------+-------+-----
Spellcasting   | 3 |  3.5
Fighting       | 1 |  1.4
Stealth        | 2 |  2.2
Dodging        | |  1.5
Necromancy     | |  4.4

Action                   || total
-------------------------++-------
Melee: Unarmed           ||    39
 Cast: Pain              ||    52
       Vampiric Draining ||     2
  Use: Scroll            ||     3
Armor: Robe              ||     8
Dodge: Dodged            ||    37
